 Dungeon Crawl Stone Soup version 0.19-a0-1886-gd64a0f0 (webtiles) character file.

2730 Alarkh the Magician (level 9, -2/61 HPs)
             Began as a Mummy Skald on Oct 15, 2016.
             Was a Follower of Okawaru.
             Slain by a killer bee (5 damage)
             ... on level 8 of the Dungeon.
             The game lasted 00:15:22 (7315 turns).

Alarkh the Magician (Mummy Skald)                   Turns: 7315, Time: 00:15:23

Health: -2/61      AC: 11    Str: 16    XL:     9   Next: 40%
Magic:  15/19      EV: 11    Int: 14    God:    Okawaru [*.....]
Gold:   376        SH:  0    Dex: 11    Spells: 7 memorised, 5 levels left

rFire  . . .     SeeInvis .     a - +0 trident
rCold  + . .     Gourm    .     b - +0 leather armour
rNeg   + + +     Faith    .     (no shield)
rPois  ∞         Spirit   .     l - +0 helmet
rElec  .         Dismiss  .     (no cloak)
rCorr  .         Reflect  .     E - +0 pair of gloves
MR     +....     Harm     .     h - +0 pair of boots
Stlth  +.........               (no amulet)
                                k - ring of protection from fire
                                i - +5 ring of protection

@: infused, very slightly contaminated, repel missiles
A: no food or potions, fire vulnerability, cold resistance 1, negative energy
resistance 3, torment resistance, unbreathing
a: Heroism, Renounce Religion


You were on level 8 of the Dungeon.
You worshipped Okawaru.
Okawaru was aware of your devotion.
You were not hungry.

You visited 2 branches of the dungeon, and saw 9 of its levels.

You collected 376 gold pieces.

Inventory:

Hand Weapons
 a - a +0 trident (weapon)
 A - a +0 spear
 F - a cursed +5 trident
Missiles
 g - a throwing net (quivered)
Armour
 b - a +0 leather armour (worn)
 h - a +0 pair of boots (worn)
 l - a +0 helmet (worn)
 p - a +0 ring mail of cold resistance
 E - a +0 pair of gloves (worn)
Magical Staves
 B - an uncursed staff of summoning
Jewellery
 i - a +5 ring of protection (left hand)
 j - a +3 ring of strength
 k - a ring of protection from fire (right hand)
 o - an uncursed ring of ice
 s - a +2 ring of dexterity
 z - an uncursed ring of protection from magic
 H - an uncursed ring of magical power
Wands
 m - a wand of flame (11/48)
 x - a wand of random effects (6/48)
 I - a wand of iceblast (9/15)
Scrolls
 d - 2 scrolls of random uselessness
 e - 2 scrolls of identify
 f - a scroll of magic mapping
 n - 2 scrolls of immolation
 q - 2 scrolls of amnesia
 r - a scroll of enchant armour
 t - 2 scrolls of teleportation
 u - 3 scrolls of noise
 v - a scroll of blinking
 w - a scroll of enchant weapon
 y - a scroll of fear {unknown}
 C - a scroll of holy word {unknown}
 D - a scroll of remove curse {unknown}
Books
 c - a book of Battle

   Spells                             Type                      Level
   a - Infusion                       Charms                       1
   b - Shroud of Golubria             Charms/Translocation         2
   c - Song of Slaying                Charms                       2
   d - Spectral Weapon                Hexes/Charms                 3
   e - Regeneration                   Charms/Necromancy            3
 G - a book of Minor Magic

   Spells                             Type                      Level
   a - Magic Dart                     Conjuration                  1
   b - Blink                          Translocation                2
   c - Call Imp                       Summoning                    2
   d - Repel Missiles                 Charms/Air                   2
   e - Slow                           Hexes                        2
   f - Conjure Flame                  Conjuration/Fire             3
   g - Mephitic Cloud                 Conjuration/Poison/Air       3


   Skills:
 - Level 2.0 Fighting
 + Level 6.3 Polearms
 - Level 0.7 Armour
 - Level 0.7 Dodging
 + Level 6.8 Spellcasting
 + Level 1.9 Conjurations
 + Level 6.6 Charms


You had 5 spell levels left.
You knew the following spells:

 Your Spells              Type           Power        Failure   Level  Hunger
a - Spectral Weapon       Hex/Chrm       ##......     14%         3    N/A
b - Blink                 Tloc           N/A          30%         2    N/A
c - Mephitic Cloud        Conj/Pois/Air  #.......     47%         3    N/A
d - Repel Missiles        Chrm/Air       ##....       10%         2    N/A
e - Conjure Flame         Conj/Fire      #.......     38%         3    N/A
f - Shroud of Golubria    Chrm/Tloc      ##........   10%         2    N/A
g - Infusion              Chrm           ###.         1%          1    N/A

Dungeon Overview and Level Annotations

Branches:
Dungeon (8/15)             Temple (1/1) D:7
   Lair: D:8-11

Altars:
Ashenzari
Cheibriados
Dithmenos
Elyvilon
Fedhas
Gozag
Kikubaaqudgha
Nemelex Xobeh
Okawaru
Qazlal
Ru
Sif Muna
Trog
Uskayaw
Yredelemnul
Zin
The Shining One

Shops:
D:6 %


Innate Abilities, Weirdness & Mutations

You do not eat or drink.
Your flesh is vulnerable to fire.
You are immune to poison.
Your flesh is cold resistant. (rC+)
You are immune to negative energy. (rN+++)
You are immune to unholy pain and torment.
You can survive without breathing.


Message History

The killer bee barely misses you.
The hungry ghost hits your spectral weapon.
Unknown command.
Blink to where?
Press: ? - help, Dir - move target cursor You are very lightly contaminated with residual magic.
As you read the scroll of blinking, it crumbles to dust.
You found a shaft!
Okay, then.
Casting: Spectral Weapon
Confirm with . or Enter, or press ? or * to list all spells.
You begin infusing your attacks with magical energy.
The killer bee barely misses you.
Casting: Infusion
Confirm with . or Enter, or press ? or * to list all spells.
You don't know that spell.
You barely miss the killer bee.
The killer bee is almost dead.
The killer bee stings you.
You die...

..........# ..........#
..........#
####'#############
#>............##
#.###########..#
#............#.#########
#.........^.(...........
#.###.......y@..########
.... #§#####+#..<###
...... #.# #.##....#
.####. #(# #.......#
.##W# ######..# .y.
#.....# .#... #.##..#
#...._. # ##.# . ......
#.#


You could see a killer bee (berserk) and a friendly spectral trident.

Vanquished Creatures
  Eustachio (D:4)
  Menkaure (D:4)
  An orc warrior (D:7)
  A phantom (D:5)
  5 ogres
  A centaur (D:6)
  A bullfrog (D:7)
  3 scorpions
  6 killer bees (D:8)
  4 wights (D:7)
  3 crimson imps
  A bullfrog zombie (D:5)
  3 orc priests
  2 hounds
  3 bullfrog skeletons
  A jelly (D:6)
  8 orc wizards
  Jessica (D:2)
  Ijyb (D:2)
  Natasha (thrice) (D:4)
  6 worker ants
  A worker ant zombie (D:5)
  Robin (D:2)
  11 adders
  An adder zombie (D:8)
  3 worms
  2 dart slugs (D:1)
  2 leopard geckos
  24 orcs
  6 giant cockroaches
  8 hobgoblins
  12 jackals
  4 quokkas
  6 bats
  6 frilled lizards
  A giant cockroach zombie (D:5)
  20 goblins
  A jackal skeleton (D:7)
  7 kobolds
  5 rats
177 creatures vanquished.

Vanquished Creatures (others)
  4 spectral weapons
4 creatures vanquished.

Grand Total: 181 creatures vanquished

Notes
Turn   | Place    | Note
-------+----------+-------------------------------------------
     0 | D:1      | Alarkh the Mummy Skald began the quest for the Orb.
     0 | D:1      | Reached XP level 1. HP: 16/16 MP: 3/3
   280 | D:1      | Reached XP level 2. HP: 12/22 MP: 3/5
   964 | D:1      | Reached XP level 3. HP: 25/27 MP: 4/6
  1341 | D:2      | Noticed Robin
  1388 | D:2      | Killed Robin
  1665 | D:2      | Reached XP level 4. HP: 29/33 MP: 3/8
  1694 | D:2      | Learned a level 2 spell: Shroud of Golubria
  1698 | D:2      | Learned a level 3 spell: Spectral Weapon
  1701 | D:2      | Noticed Jessica
  1706 | D:2      | Killed Jessica
  2153 | D:2      | Noticed Ijyb
  2262 | D:2      | Killed Ijyb
  2262 | D:2      | Reached XP level 5. HP: 31/38 MP: 1/9
  3194 | D:4      | Noticed an ogre
  3209 | D:4      | Killed an ogre
  3209 | D:4      | Reached XP level 6. HP: 16/44 MP: 1/11
  3404 | D:4      | Noticed Menkaure
  3425 | D:4      | Killed Menkaure
  3552 | D:4      | Found a blossoming altar of Fedhas.
  3629 | D:4      | Reached XP level 7. HP: 30/50 MP: 3/13
  3805 | D:4      | Noticed Eustachio
  3822 | D:4      | Killed Eustachio
  3939 | D:4      | Noticed Natasha
  3945 | D:4      | Killed Natasha
  4202 | D:4      | Noticed Natasha
  4211 | D:4      | Killed Natasha
  4231 | D:4      | Noticed Natasha
  4243 | D:4      | Killed Natasha
  4306 | D:5      | Entered Level 5 of the Dungeon
  4455 | D:5      | Found a deep blue altar of Sif Muna.
  4492 | D:5      | Reached skill level 5 in Spellcasting
  4541 | D:5      | Reached XP level 8. HP: 44/56 MP: 6/15
  4543 | D:5      | Reached skill level 5 in Charms
  4593 | D:5      | Reached skill level 5 in Polearms
  5270 | D:6      | Found Ingioc's Food Boutique.
  6046 | D:7      | Found a staircase to the Ecumenical Temple.
  6050 | D:7      | Reached XP level 9. HP: 40/61 MP: 10/18
  6069 | Temple   | Entered the Ecumenical Temple
  6141 | Temple   | Learned a level 2 spell: Repel Missiles
  6147 | Temple   | Became a worshipper of Warmaster Okawaru
  6159 | Temple   | Learned a level 2 spell: Blink
  6163 | Temple   | Learned a level 3 spell: Conjure Flame
  6167 | Temple   | Learned a level 3 spell: Mephitic Cloud
  6376 | D:7      | Reached skill level 1 in Conjurations
  7070 | D:8      | Reached * piety under Okawaru
  7295 | D:8      | Found a sacrificial altar of Ru.
  7297 | D:8      | Noticed a queen bee
  7311 | D:8      | HP: 2/61 [killer bee (8)]
  7315 | D:8      | Slain by a killer bee

Vault maps used:
D:1:      onia_arrival_pentagram, serial_bayou_lagoon_a
D:2:      uniq_iyjb, uniq_jessica, uniq_robin
D:3:      first_bread, minmay_cut_off
D:4:      fedhas_altar_2, serial_bayou_pond_e, uniq_eustachio, uniq_natasha,
          uniq_menkaure
D:5:      nicolae_overflow_crystal_walls, minmay_joined_circles
D:6:      serial_shops, shop, wad_floor_pattern_1
D:7:      minmay_a_box_with_orc_wizards_in_it
D:8:      grunt_temple_overflow_open, gammafunk_temple_overflow_forgotten,
          david_nohive_1, kennysheep_kite_vault
Temple:   eino_temple_lava

Skill      XL: |  1  2  3  4  5  6  7  8  9 |
---------------+----------------------------+-----
Polearms       | 2 3 4 5 6 |  6.3
Spellcasting   | 3 4 5 6 |  6.8
Charms         | 3 4 6 |  6.6
Conjurations   | 1 |  1.9
Fighting       | |  2.0
Armour         | |  0.7
Dodging        | |  0.7

Action                   |  1- 3 |  4- 6 |  7- 9 || total
-------------------------+-------+-------+-------++-------
Melee: Spear             |   156 |   220 |   108 ||   484
       Trident           |       |       |   263 ||   263
 Cast: Infusion          |    19 |    18 |     5 ||    42
       Spectral Weapon   |       |     5 |    36 ||    41
       Shroud of Golubri |       |     1 |     2 ||     3
       Mephitic Cloud    |       |       |     1 ||     1
       Repel Missiles    |       |       |     1 ||     1
  Use: Scroll            |       |     4 |     6 ||    10
 Stab: Sleeping          |     1 |       |     2 ||     3
       Distracted        |       |       |     2 ||     2
       Confused          |       |       |     2 ||     2
Armor: Leather armour    |    34 |    77 |   128 ||   239
Dodge: Dodged            |    61 |    94 |   159 ||   314
